 Dungeon Crawl Stone Soup version 0.31-a0-1074-g0b22e4e0f1 (webtiles) character file.

Game seed: 7201805189537543305

657 Curundu the Chopper (level 7, -1/54 HPs)
             Began as a Red Draconian Berserker on Dec 1, 2023.
             Was a Priest of Trog.
             Slain by an ice beast (9 damage)
             ... on level 5 of the Dungeon.
             The game lasted 00:24:40 (4350 turns).

Curundu the Chopper (Red Draconian Berserker)       Turns: 4350, Time: 00:24:45

Health: -1/54      AC:  6    Str: 19      XL:     7   Next: 29%
Magic:  7/7        EV: 13    Int:  6 (7)  God:    Trog [***...]
Gold:   192        SH:  0    Dex: 12 (13) Spells: 6/6 levels left

rFire   + . .        o - +1 mace (protect)
rCold   . . .        (no shield)
rNeg    . . .        (body armour unavailable)
rPois   .            (helmet restricted)
rElec   .            (no cloak)
rCorr   .            (no gloves)
SInv    .            (no boots)
Will    .....        (no amulet)
Stlth   ++           (no ring)
HPRegen 0.00/turn    (no ring)
MPRegen 0.10/turn

%: no passive effects
@: mighty, inhibited regen, slowed, very slow
A: breathe fire, AC +6, unfitting armour, fire resistance 1, cold-blooded,
antennae 1, deterioration 2, frail 1, inhibited regeneration
a: Breathe Fire, Renounce Religion, Berserk, Trog's Hand


You were on level 5 of the Dungeon.
You worshipped Trog.
Trog was most pleased with you.
You visited 1 branch of the dungeon, and saw 5 of its levels.

You collected 192 gold pieces.

Inventory:

Hand Weapons
 a - a +0 hand axe
 o - a +1 mace of protection (weapon)
Missiles
 c - 55 stones (quivered)
 j - 6 poisoned darts
Armour
 h - a +1 pair of boots
Magical Staves
 f - a staff of air
Jewellery
 p - an amulet of magic regeneration
Scrolls
 e - 2 scrolls of amnesia
 i - a scroll of revelation {unknown}
 l - a scroll of silence {unknown}
 q - 2 scrolls of enchant armour {unknown}
Potions
 b - 2 potions of mutation
 d - a potion of degeneration {unknown}
 g - 4 potions of curing
 k - a potion of enlightenment
 m - a potion of magic


   Skills:
 + Level 4.8 Fighting
 + Level 6.0(6.1) Axes
 + Level 2.1(4.3) Maces & Flails
 + Level 4.4 Dodging
 + Level 1.9 Stealth


You had 6 spell levels left.
You didn't know any spells.
Your spell library contained the following spells:

 Spells                   Type           Power      Damage    Failure   Level
 Apportation              Tloc           0%         N/A       45%         1
 Freeze                   Ice            0%         1d3       45%         1
 Necrotise                Necr           0%         1d4       45%         1
 Summon Small Mammal      Summ           0%         N/A       45%         1
 Frozen Ramparts          Ice            0%         1d1       83%         3
 Hailstorm                Conj/Ice       0%         3d3       83%         3


Dungeon Overview and Level Annotations

Branches:
Dungeon (5/15)             Temple (0/1) D:4

Altars:
Elyvilon
Wu Jian
Xom

Annotations:
D:3 2 transporters


Innate Abilities, Weirdness & Mutations

You can breathe blasts of fire.
Your fiery red scales are hard. (AC +6)
You cannot fit into any form of body armour.
Your flesh is heat resistant. (rF+)
You are cold-blooded and may be slowed by cold attacks.
You have a pair of small antennae on your head.
Your body often deteriorates upon taking damage.
You are frail. (-10% HP)
You do not regenerate when monsters are visible.


Message History

You feel yourself speed up. The ice beast closely misses you.
The ice beast hits you. The ice beast freezes you!
Your body deteriorates!
You feel clumsy.
You barely miss the ice beast. The ice beast barely misses you.
You hit the ice beast but do no damage.
Your weapon exudes an aura of protection.
The ice beast hits you. The ice beast freezes you!
You feel yourself slow down. The ice beast closely misses you.
You hit the ice beast.
The ice beast is lightly wounded.
The ice beast hits you but does no damage.
You barely miss the ice beast.
The ice beast is lightly wounded.
You feel yourself speed up.
The ice beast hits you but does no damage. x2
You closely miss the ice beast.
You tail-slap the ice beast, but do no damage.
The ice beast is lightly wounded.
The ice beast barely misses you.
You closely miss the ice beast.
The ice beast is lightly wounded.
The ice beast hits you but does no damage.
The ice beast misses you.
You barely miss the ice beast.
The ice beast is lightly wounded.
The ice beast hits you but does no damage.
You barely miss the ice beast.
The ice beast is lightly wounded.
The ice beast hits you.
* * * LOW HITPOINT WARNING * * *
The ice beast freezes you!
You feel yourself slow down.
* * * LOW HITPOINT WARNING * * *
It was a potion of might.
You feel very mighty all of a sudden. The ice beast hits you.
* * * LOW HITPOINT WARNING * * *
The ice beast freezes you!
You feel as though you will be slow longer.
You die...

...# ... .
...
..##.##
.......
#...##
#..<#
#.#.#
#?.@#
##.Y.#
##....
......#
......#
.......#
........
..........


You could see an ice beast.

Vanquished Creatures
  Sigmund (D:3)
  An ogre (D:5)
  2 howler monkeys (D:4)
  An orc priest (D:4)
  A hound (D:4)
  A gnoll bouda (D:4)
  Jessica (D:3)
  An iguana (D:4)
  Terence (D:2)
  6 gnolls
  3 adders (D:4)
  5 dart slugs
  6 orcs (D:4)
  5 endoplasms
  2 giant cockroaches
  5 goblins
  5 hobgoblins
  3 jackals (D:4)
  3 kobolds
  4 quokkas
  9 ball pythons
  7 bats
  2 frilled lizards (D:1)
  5 rats
80 creatures vanquished.

Notes
Turn   | Place    | Note
-------+----------+-------------------------------------------
     0 | D:1      | Curundu the Draconian Berserker began the quest for the
                  | Orb.
     0 | D:1      | Reached XP level 1. HP: 19/19 MP: 1/1
   247 | D:1      | Reached XP level 2. HP: 25/26 MP: 2/2
   515 | D:1      | Found a faded altar of an unknown god.
   870 | D:2      | Reached XP level 3. HP: 33/33 MP: 3/3
  1259 | D:2      | Noticed Terence
  1289 | D:2      | Killed Terence
  1293 | D:2      | Reached ** piety under Trog
  1636 | D:2      | Found an ornate altar of the Wu Jian Council.
  2128 | D:3      | Reached XP level 4. HP: 40/40 MP: 4/4
  2296 | D:3      | Reached skill level 4 in Axes
  2402 | D:3      | Found a transporter.
  2479 | D:3      | Noticed a steam dragon
  2481 | D:3      | Found a transporter.
  2494 | D:3      | Found a white marble altar of Elyvilon.
  2717 | D:3      | Noticed Sigmund
  2744 | D:3      | Killed Sigmund
  2745 | D:3      | Reached skill level 5 in Axes
  2745 | D:3      | Reached skill level 1 in Stealth
  2745 | D:3      | Reached XP level 5. HP: 32/46 MP: 5/5
  2817 | D:3      | Noticed Jessica
  2826 | D:3      | Killed Jessica
  2827 | D:3      | Reached XP level 6. HP: 41/52 MP: 6/6
  2847 | D:3      | Gained mutation: Your body sometimes deteriorates upon
                  | taking damage. [potion of mutation]
  2847 | D:3      | Gained mutation: You have hidden genetic defects. [potion
                  | of mutation]
  2847 | D:3      | Gained mutation: You do not regenerate when monsters are
                  | visible. [potion of mutation]
  2847 | D:3      | Gained mutation: You have a pair of small antennae on your
                  | head. [potion of mutation]
  3079 | D:4      | Gained mutation: You are frail. (-10% HP) [hidden defects]
  3298 | D:4      | Found a staircase to the Ecumenical Temple.
  3343 | D:4      | Found a shimmering altar of Xom.
  3370 | D:4      | Gained mutation: Your body often deteriorates upon taking
                  | damage. [hidden defects]
  3370 | D:4      | Lost mutation: You have hidden genetic defects. [hidden
                  | defects expressed]
  3645 | D:4      | Reached *** piety under Trog
  3646 | D:4      | Your scales start taking on a fiery red colour.
  3646 | D:4      | Reached XP level 7. HP: 31/54 MP: 7/7
  3646 | D:4      | Gained mutation: Your flesh is heat resistant. (rF+) [Red
                  | Draconian growth]
  4164 | D:4      | Reached skill level 1 in Maces & Flails
  4327 | D:5      | Entered Level 5 of the Dungeon
  4335 | D:5      | Reached skill level 6 in Axes
  4350 | D:5      | Slain by an ice beast

Illustrated notes

Levels and vault maps discovered:
D:1:      lemuel_arrival_funnel, layout_rooms,
          dreamdust_ecumenical_altar_angels_and_demons,
          wad_floor_pattern_untrapped
D:2:      layout_basic, basic_altar, minmay_liquid_box, uniq_terence
D:3:      layout_loops_ring, gammafunk_temple_overflow_arena,
          kennysheep_jessica_study, uniq_sigmund
D:4:      layout_loops_ring, mainiacjoe_overflow_concentric_impassable,
          minmay_temple_entry_junction
D:5:      layout_rooms, minitemple, serial_shops,
          nicolae_shop_tiny_statue_garden, shop, shop, shop,
          nicolae_shop_real_fake_doors, kennysheep_minor_cross,
          minmay_a_box_with_orc_wizards_in_it

Skill      XL: |  1  2  3  4  5  6  7 |
---------------+----------------------+-----
Dodging        | 3 4 |  4.4
Axes           | 5 6 |  6.0
Fighting       | 4 |  4.8
Stealth        | 1 |  1.9
Maces & Flails | 2 |  2.1

Action                     |  1- 3 |  4- 6 |  7- 9 || total
---------------------------+-------+-------+-------++-------
  Melee: Hand axe          |   127 |   139 |       ||   266
         Tailslap          |    17 |    28 |     7 ||    52
         Punch             |     1 |     1 |     1 ||     3
         Mace              |       |    42 |    49 ||    91
    Use: Scroll            |     1 |     1 |       ||     2
         Potion            |       |     4 |     1 ||     5
   Stab: Sleeping          |       |     1 |     1 ||     2
 Armour: Skin              |    87 |    89 |    23 ||   199
  Dodge: Dodged            |   104 |   112 |    28 ||   244

Table legend: (Time is in decaauts)
 A = Elapsed time spent in this place.
 B = Non-inter-level travel time spent in this place.
 C = Inter-level travel time spent in this place.
 D = Time resting spent in this place.
 E = Time spent auto-exploring this place.
 F = Levels seen in this place.
 G = Mean time per level.
                   A        B        C        D        E       F      G
               +--------+--------+--------+--------+--------+-----+--------+
         Total |   4401 |   4401 |      0 |    737 |      0 |   5 |  880.2 |
       Dungeon |   4401 |   4401 |      0 |    737 |      0 |   5 |  880.2 |
               +--------+--------+--------+--------+--------+-----+--------+

Top non-repeatable levels by time:
     D:4: 1336 daAuts
     D:2: 1298 daAuts
     D:3: 917 daAuts
     D:1: 819 daAuts
     D:5: 29 daAuts
